cohdb
Replays
Latest Replays
All Replays
Popular Replays
Top Player Replays
Match Explorer
How It Works
Community
CoH3 Stats
Reddit
Sign in to upload your games and track your stats! →
Sign in with Steam
Match 41616266
Unlisted
Match 41616266
Overview
Messages
Build Orders
End
Construct Infanterie Kompanie
Grenadier Squad
Selects Mechanized Battlegroup
MG 42 Machine Gun Team
Grenadier Squad
Grenadier Squad
Construct Panzergrenadier Kompanie
251 Medium Carrier
Pak 40 Anti-tank Gun Team
Selects Mobile Repair Stations
Grenadier Squad
Panzergrenadier Officer Quarters
Selects Wespe Self-propelled Artillery
Wespe Self-propelled Artillery
Construct Panzer Kompanie
Stoßtruppen Squad
Selects Raid Package
Sturmpanzer IV Brummbär
Panzer Officer Quarters
DangerouslyDumb
Right Click God
Waffen-YT
bigrat
chochomie
rich
0
0
Comments
sign in to comment!
No comments posted yet!